 Dungeon Crawl Stone Soup version 0.29.1-2-gbd0b4ee654 (webtiles) character file.

Game seed: 2374993170830488290

4 Descartes the Scratcher (level 1, 0/9 HPs)
             Began as a Felid Transmuter on Nov 4, 2022.
             Frozen to death by an endoplasm (4 damage)
             ... on level 1 of the Dungeon.
             The game lasted 00:00:24 (207 turns).

Descartes the Scratcher (Felid Transmuter)           Turns: 207, Time: 00:00:24

Health: 0/9        AC:  1    Str:  6    XL:     1   Next: 58%
Magic:  4/4        EV: 17    Int: 14    God:
Gold:   15         SH:  0    Dex: 16    Spells: 3/4 levels left
                                        Lives:  0   Deaths: 0

rFire   . . .      SeeInvis +     - Unarmed
rCold   . . .      Faith    .   (shield unavailable)
rNeg    . . .      Spirit   .   (body armour unavailable)
rPois   .          Reflect  .   (helmet unavailable)
rElec   .          Harm     .   (cloak unavailable)
rCorr   .          Rampage  .   (gloves unavailable)
Will    .....                   (boots unavailable)
Stlth   ++........              (no amulet)
HPRegen 0.03/turn               (no ring)
MPRegen 0.09/turn               (no ring)

@: quick
A: very small, claws 1, fangs 3, see invisible, speed 1, shaggy fur 1, stealthy
paws, no weapons or thrown items, no armour, multi-lived
a: no special abilities


You were on level 1 of the Dungeon.
You visited 1 branch of the dungeon, and saw 1 of its levels.

You collected 15 gold pieces.

Inventory:

Potions
 a - a potion of lignification


   Skills:
 - Level 1.0 Fighting
 + Level 2.9 Dodging
 + Level 0.6 Stealth
 + Level 3.0 Unarmed Combat
 - Level 2.0 Spellcasting
 + Level 2.3 Transmutations


You had 3 spell levels left.
You knew the following spells:

 Your Spells              Type           Power      Damage    Failure   Level
a - Beastly Appendage     Tmut           14%        N/A       10%         1

Your spell library contained the following spells:

 Spells                   Type           Power      Damage    Failure   Level
 Wereblood                Tmut           7%         N/A       14%         2
 Spider Form              Tmut/Pois      4%         N/A       41%         3
 Ice Form                 Ice/Tmut       4%         N/A       83%         4


Dungeon Overview and Level Annotations

Branches:
Dungeon (1/15)

Altars:


Innate Abilities, Weirdness & Mutations

You have sharp claws.
You have razor-sharp teeth.
You have supernaturally acute eyesight. (SInv)
You cover ground quickly. (Speed+)
You are covered in fur. (AC +1)
Your paws help you pounce on unaware monsters.
You are incapable of wielding weapons or throwing items.
You cannot wear armour.
You gain extra lives every three experience levels.


Message History

You barely miss the ball python. The ball python bites you.
The ball python barely misses you.
You barely miss the ball python. The ball python barely misses you.
The ball python misses you. The ball python barely misses you.
The ball python misses you.
You closely miss the ball python. The ball python misses you. x2
You closely miss the ball python. The endoplasm hits you.
The ball python closely misses you. The ball python misses you.
You barely miss the ball python. Your bite misses the ball python.
The endoplasm freezes you.
You are frozen.
The ball python misses you. x2
You are too injured to fight recklessly!
You are too injured to fight recklessly!
You are too injured to fight recklessly!
You are too injured to fight recklessly!
You are too injured to fight recklessly!
You are too injured to fight recklessly!
You are too injured to fight recklessly!
You are too injured to fight recklessly!
You are too injured to fight recklessly!
You are too injured to fight recklessly!
You are too injured to fight recklessly!
The ball python barely misses you. The ball python grabs you.
The ball python constricts you.
Things that are here:
a +0 dagger; a goblin corpse You escape the ball python's grasp.
Unknown command.
Things that are here:
a +0 dagger; 4 stones You scratch the ball python but do no damage.
You claw the ball python, but do no damage.
You bite the ball python, but do no damage.
The ball python misses you. The ball python barely misses you.
You scratch the ball python.
You kill the ball python!
An endoplasm is nearby!
The endoplasm freezes you.
You are frozen.
You die...

♣♣ ♣♣♣♣♣♣ ♣♣.♣
♣♣♣♣....♣♣♣
♣...♣♣♣♣.....♣..)♣♣
≈≈...♣.....♣♣♣♣♣..#
♣≈≈≈...♣♣♣♣♣ ♣..##
♣♣≈≈≈~♣♣ ♣♣..# ♣♣♣≈~~♣♣♣
♣♣♣)##
♣♣♣..≈~≈♣♣♣♣♣♣.@##
♣♣...♣♣~♣♣♣....J########
...♣♣♣ ♣♣.....##........
♣♣♣♣. ♣♣........#######
♣ ♣.♣♣♣....##.###
♣.♣.........#
♣.♣.....####
♣♣♣♣.......#
♣♣.......####


You could see an endoplasm.

Vanquished Creatures
  A ball python (D:1)
  2 goblins (D:1)
  A kobold (D:1)
4 creatures vanquished.

Notes
Turn   | Place    | Note
-------+----------+-------------------------------------------
     0 | D:1      | Descartes the Felid Transmuter began the quest for the Orb.
     0 | D:1      | Reached XP level 1. HP: 9/9 MP: 4/4
   207 | D:1      | Frozen to death by an endoplasm

Illustrated notes

Levels and vault maps discovered:
D:1:      kilobyte_arrival_exit_the_forest, layout_basic,
          basic_ecumenical_altar, chequers_serial_rivers_small_b

Action                   || total
-------------------------++-------
Melee: Unarmed           ||    16
       Bite              ||     2
       Punch             ||     1
Dodge: Dodged            ||    19
